 Dungeon Crawl Stone Soup version 0.30-a0-137-gd8773701ce (webtiles) character file.

Game seed: 8170343847618629181

5 blackman the Sneak (level 1, -1/18 HPs)
             Began as a Human Delver on Sept 23, 2022.
             Slain by an orc
             ... wielding a +0 club
              (2 damage)
             ... on level 5 of the Dungeon.
             The game lasted 00:00:58 (421 turns).

blackman the Sneak (Human Delver)                    Turns: 421, Time: 00:00:59

Health: -1/18      AC:  3    Str: 12    XL:     1   Next: 88%
Magic:  1/1        EV: 12    Int: 10    God:
Gold:   8          SH:  0    Dex: 14    Spells: 0/0 levels left

rFire   . . .      SeeInvis .    a - +0 spear
rCold   . . .      Faith    .    (no shield)
rNeg    . . .      Spirit   .    b - +0 leather armour
rPois   .          Reflect  .    (no helmet)
rElec   .          Harm     .    (no cloak)
rCorr   .          Rampage  .    (no gloves)
Will    .....                    (no boots)
Stlth   +++.......               (no amulet)
HPRegen 0.06/turn                (no ring)
MPRegen 0.07/turn                (no ring)

@: hasted, very quick
A: no striking features
a: no special abilities


You were on level 5 of the Dungeon.
You visited 1 branch of the dungeon, and saw 2 of its levels.

You collected 8 gold pieces.

Inventory:

Hand Weapons
 a - a +0 spear (weapon)
Armour
 b - a +0 leather armour (worn)
Jewellery
 i - a +6 ring of intelligence
Wands
 g - a wand of digging (3)
Scrolls
 c - a scroll of fog
 d - a scroll of magic mapping
 e - a scroll of fear
Potions
 h - a potion of ambrosia {unknown}


   Skills:
 - Level 3.0 Fighting
 + Level 2.5 Polearms
 - Level 2.0 Dodging
 - Level 5.0 Stealth


You couldn't memorise any spells.
You didn't know any spells.
Your spell library was empty.

Dungeon Overview and Level Annotations

Branches:
Dungeon (6/15)
 Temple: D:4-7

Altars:

Shops:
D:6 [

Annotations:
D:5 1 runed translucent door, juncz's ghost, novice DjCj
D:6 Pikel


Message History

A white imp is nearby!
i - a +6 ring of intelligence
There are no items here.
A sky beast comes into view.
Found 3 stones.
You start resting.
HP restored.
You start waiting.
Done waiting.
You start waiting.
A gnoll comes into view. It is wielding a +0 flail.
You now have 8 gold pieces.
There are no items here.
Found a scroll labelled LAAFRU SURYJ.
There is an entrance to Tugyok's Armour Boutique here.
There is a fountain of clear blue water here.
Pikel and 2 lemures come into view.
Pikel is wielding a +0 whip of flaming and carrying a wand of flame (19).
Found an escape hatch in the ceiling.
Found Sif Muna's Textbook on the Geologist.
Pikel shouts!
A lemure comes into view. x2
Pikel zaps a wand.
The puff of flame hits you.
The lemure shouts!
You hear a shout! x2
There is a fountain of clear blue water here.
There is a fountain of clear blue water here.
There is a stone staircase leading up here.
You climb upwards.
Level annotation: 1 runed translucent door, juncz's ghost, novice DjCj The orc hits you with a +0 club.
There is a stone staircase leading down, spattered with blood here.
The orc attacks as you move away! The orc misses you.
The orc wizard gestures at you while chanting.
The puff of flame hits you!
Ouch! That really hurt!
* * * LOW HITPOINT WARNING * * *
The orc misses you.
The orc shouts!
You feel yourself speed up. The orc hits you with a +0 club.
You die...

## #.### #...
#..# #..# # #..#
#####.###[.#
.......@o..#
#####.###..# #
#.###..#######.#
#..............#
#.###...........
.......!>.......
#.###.o.....###.
#o...##.# #
#...<# ...


You could see an orc.

Vanquished Creatures
  An ufetubus (D:6)
1 creature vanquished.

Notes
Turn   | Place    | Note
-------+----------+-------------------------------------------
     0 | D:5      | blackman the Human Delver began the quest for the Orb.
     0 | D:5      | Reached XP level 1. HP: 18/18 MP: 1/1
    37 | D:5      | Noticed an orc wizard
    39 | D:5      | Found a runed translucent door.
    42 | D:5      | Noticed juncz's ghost (novice DjCj)
    55 | D:6      | Found Tugyok's Armour Boutique.
    84 | D:6      | Noticed a sky beast
   401 | D:6      | Noticed Pikel
   401 | D:6      | Noticed a lemure
   401 | D:6      | Noticed a lemure
   402 | D:6      | Noticed a lemure
   402 | D:6      | Noticed a lemure
   421 | D:5      | Slain by an orc

Illustrated notes

Levels and vault maps discovered:
D:5:      layout_basic, ebering_ghost_sewer_f
D:6:      layout_cave_pools, temple_hall, serial_shops, shop_fountains,
          uniq_pikel

Action                   || total
-------------------------++-------
Melee: Spear             ||     5
  Use: Potion            ||     1
Armor: Leather armour    ||     2
Dodge: Dodged            ||    15

Table legend: (Time is in decaauts)
 A = Elapsed time spent in this place.
 B = Non-inter-level travel time spent in this place.
 C = Inter-level travel time spent in this place.
 D = Time resting spent in this place.
 E = Time spent auto-exploring this place.
 F = Levels seen in this place.
 G = Mean time per level.
                   A        B        C        D        E       F      G
               +--------+--------+--------+--------+--------+-----+--------+
         Total |    421 |    421 |      0 |    311 |     35 |   2 |  210.5 |
       Dungeon |    421 |    421 |      0 |    311 |     35 |   2 |  210.5 |
               +--------+--------+--------+--------+--------+-----+--------+

Top non-repeatable levels by time:
     D:6: 358 daAuts
     D:5: 62 daAuts
